AoeStats
← El Oscuro

QS Arena

503228889Analyzed
2v2 RM · 1mo ago on Aug 30, 2026· 70m 17s· 4 players
Game mode
Random Map
Map size
Medium (4 player)
Population
200
Speed
Normal
Resources
Standard
Victory
Conquest
Starting age
Dark Age
Ending age
Imperial Age
RankedLock teamsTeams togetherTeam positionsShared explorationLock speedFull tech treeHidden civsTurbo modeCheats
Victory
Defeat
🇷🇺 Turks · Russia
947
+15
🇷🇺 Byzantines · Russia
947
+15
🇦🇷 Tupi · Argentina
917
-15
🇦🇷 Vikings · Argentina
917
-15
El Oscuro
8:39 Feudal Age
9:58 Horse Collar
12:49 Castle Age
11:27 Loom
14:08 Fletching
16:20 Bodkin Arrow
17:02 Padded Archer Armor
17:17 Double-Bit Axe
18:43 Bow Saw
27:23 Imperial Age
29:44 Two-Man Saw
32:49 Champi Runner
35:49 Champi Warrior
36:40 Scale Mail Armor
36:50 Forging
37:20 Elite Champi Warrior
38:47 Chain Mail Armor
39:10 Iron Casting
45:22 Plate Mail Armor
45:20 Squires
45:07 Arson
46:59 Ballistics
46:41 Crossbowman
46:44 Elite Skirmisher
49:07 Wheelbarrow
48:19 Town Watch
50:29 Chemistry
51:15 Leather Archer Armor
53:03 Pikeman
53:55 Halberdier
54:57 Caravan
61:09 Bracer
61:39 Ring Archer Armor
61:47 Heavy Plow
narutoelcapo
9:18 Feudal Age
9:25 Feudal Age
9:47 Double-Bit Axe
9:43 Horse Collar
17:00 Castle Age
15:43 Forging
16:31 Scale Mail Armor
18:37 Bow Saw
18:29 Heavy Plow
17:56 Pikeman
20:58 Gold Mining
21:46 Loom
23:47 Gold Shaft Mining
27:25 Imperial Age
25:45 Iron Casting
24:59 Treadmill Crane
26:16 Chain Mail Armor
27:38 Stone Mining
28:21 Town Watch
29:44 Blast Furnace
29:02 Squires
29:39 Plate Mail Armor
31:11 Elite Berserk
33:07 Chemistry
35:40 Town Patrol
35:54 Masonry
37:09 Chieftains
39:01 Cavalier
40:00 Scale Barding Armor
41:48 Chain Barding Armor
45:16 Crop Rotation
45:22 Elite Skirmisher
46:11 Fletching
46:21 Padded Archer Armor
46:16 Fletching
46:26 Padded Archer Armor
46:51 Ballistics
48:14 Bodkin Arrow
48:34 Leather Archer Armor
48:15 Bodkin Arrow
48:35 Leather Archer Armor
49:00 Architecture
50:49 Bracer
51:19 Ring Archer Armor
54:57 Caravan
Psevdoplote
9:22 Feudal Age
9:49 Double-Bit Axe
14:19 Castle Age
12:44 Horse Collar
13:45 Gold Mining
15:14 Bow Saw
16:41 Loom
19:30 Fletching
28:31 Imperial Age
26:21 Padded Archer Armor
27:10 Bodkin Arrow
27:42 Town Watch
28:39 Leather Archer Armor
32:43 Wheelbarrow
40:20 Fervor
41:08 Ballistics
42:32 Heavy Plow
43:30 Forging
44:07 Bracer
44:23 Bloodlines
44:12 Heavy Camel Rider
45:26 Hand Cart
45:43 Husbandry
46:22 Iron Casting
45:53 Scale Barding Armor
46:41 Fortified Wall
48:10 Chain Barding Armor
49:29 Blast Furnace
51:34 Caravan
52:05 Coinage
52:19 Town Patrol
54:28 Gold Shaft Mining
53:45 Stone Mining
54:50 Plate Barding Armor
58:25 Ring Archer Armor
58:49 Conscription
59:19 Capped Ram
59:22 Capped Ram
60:01 Arrowslits
59:57 Treadmill Crane
60:12 Murder Holes
60:28 Masonry
62:30 Sipahi
64:02 Hoardings
69:49 Two-Man Saw
69:22 Banking
69:35 Siege Ram
>The_Sendor<
11:41 Feudal Age
13:06 Horse Collar
13:15 Double-Bit Axe
14:17 Loom
19:02 Castle Age
17:47 Gold Mining
23:10 Bow Saw
25:07 Wheelbarrow
30:39 Imperial Age
29:08 Fletching
29:19 Padded Archer Armor
29:16 Stone Mining
31:49 Conscription
32:20 Gold Shaft Mining
32:15 Bodkin Arrow
33:32 Chemistry
35:07 Stone Shaft Mining
36:16 Ballistics
37:29 Bodkin Arrow
40:18 Thumb Ring
42:58 Leather Archer Armor
43:29 Husbandry
44:09 Forging
44:05 Scale Barding Armor
44:25 Heavy Plow
47:01 Hand Cart
50:29 Crop Rotation
51:17 Two-Man Saw
50:35 Heavy Camel Rider
52:13 Iron Casting
52:40 Chain Barding Armor
56:46 Elite Cataphract
62:03 Plate Barding Armor
69:30 Light Cavalry
Connection lost

Rejoining the realm…

Still unreachable

The connection could not be restored.

Session expired

The server has moved on; the page needs a fresh start.